| TOP OF THE 1ST |
|
Burlington Royals batting - Pitching for Bluefield Blue Jays : RHP Shalom Diender
|
|
Pitching: RHP Shalom Diender
|
|
|
Batting: RHB Kyle Finney
|
0-0: Fly out, F6 (Line Drive, 6, EV 75.0 MPH)
|
|
Batting: RHB Josh Massey
|
0-0: Ball 1-0: Ground out 6-3 (Groundball, 6MD, EV 83.8 MPH)
|
|
Batting: RHB Simon Sultzbach
|
0-0: Ball 1-0: Foul Ball, location: 2F 1-1: DOUBLE (Flyball, 8LXD, EV 100.0 MPH)
|
|
Batting: SHB Gary Woodroffe
|
0-0: Called Strike 0-1: Ball 1-1: Called Strike 1-2: Foul Ball, location: 2F 1-2: Strikes out swinging
|
| Top of the 1st over - 0 runs, 1 hit, 0 errors, 1 left on base; Burlington 0 - Bluefield 0 |
| BOTTOM OF THE 1ST |
|
Bluefield Blue Jays batting - Pitching for Burlington Royals : RHP Aaron Blackwell
|
|
Pitching: RHP Aaron Blackwell
|
|
|
Batting: LHB Edwin Esparza
|
0-0: Foul Ball, location: 2F 0-1: Ball 1-1: Swinging Strike 1-2: Foul Ball, location: 2F 1-2: Ball 2-2: Ball 3-2: Foul Ball, location: 2F 3-2: SINGLE (Line Drive, 34, EV 96.9 MPH)
|
|
Batting: SHB Toby Patenaude
|
0-0: Foul Ball, location: 2F 0-1: Ball 1-1: 2-RUN HOME RUN (Flyball, 9LD, EV 92.5 MPH), Distance : 348 ft
|
|
Batting: RHB Mark Noftall
|
0-0: Foul Ball, location: 2F 0-1: Called Strike 0-2: Strikes out swinging
|
|
Batting: RHB Cedric Nicholls
|
0-0: Foul Ball, location: 2F 0-1: Swinging Strike 0-2: SINGLE (Groundball, 56D, EV 96.9 MPH)
|
|
Batting: RHB Benedikt Fleischmann
|
0-0: Ball 1-0: Foul Ball, location: 2F 1-1: Ball 2-1: Called Strike 2-2: Ball 3-2: Foul Ball, location: 2F 3-2: Fly out, F9 (Line Drive, 9LS, EV 91.2 MPH)
|
|
Batting: RHB Tom Bergman
|
0-0: Called Strike 0-1: Foul Ball, location: 2F 0-2: Ball 1-2: Ball 2-2: Ball 3-2: TRIPLE (Flyball, 89XD, EV 93.8 MPH) Cedric Nicholls scores
|
|
Batting: RHB Victor Ortiz
|
0-0: Swinging Strike 0-1: Ground out 5-3 (Groundball, 56, EV 103.1 MPH)
|
| Bottom of the 1st over - 3 runs, 4 hits, 0 errors, 1 left on base; Burlington 0 - Bluefield 3 |
| TOP OF THE 2ND |
|
Burlington Royals batting - Pitching for Bluefield Blue Jays : RHP Shalom Diender
|
|
Batting: LHB Javy Rueda
|
0-0: Swinging Strike 0-1: Ball 1-1: Swinging Strike 1-2: Foul Ball, location: 2F 1-2: Strikes out swinging
|
|
Batting: RHB Leo Lopez
|
0-0: Fly out, F3 (Popup, 3F, EV 66.2 MPH)
|
|
Batting: RHB Donnie Bednarz
|
0-0: Called Strike 0-1: Ball 1-1: Foul Ball, location: 2F 1-2: Foul Ball, location: 2F 1-2: Strikes out swinging
|
| Top of the 2nd over - 0 runs, 0 hits, 0 errors, 0 left on base; Burlington 0 - Bluefield 3 |
| BOTTOM OF THE 2ND |
|
Bluefield Blue Jays batting - Pitching for Burlington Royals : RHP Aaron Blackwell
|
|
Batting: RHB Jerry Perez
|
0-0: Foul Ball, location: 2F 0-1: Foul Ball, location: 2F 0-2: Foul Ball, location: 2F 0-2: Strikes out swinging
|
|
Batting: RHB Hanley Hernandez
|
0-0: Ground out 6-3 (Groundball, 6, EV 85.0 MPH)
|
|
Batting: LHB Edwin Esparza
|
0-0: Ball 1-0: Ball 2-0: Ball 3-0: Base on Balls
|
|
Batting: SHB Toby Patenaude
|
0-0: Ball Edwin Esparza is caught stealing 2nd base 2-6
|
| Bottom of the 2nd over - 0 runs, 0 hits, 0 errors, 0 left on base; Burlington 0 - Bluefield 3 |
| TOP OF THE 3RD |
|
Burlington Royals batting - Pitching for Bluefield Blue Jays : RHP Shalom Diender
|
|
Batting: RHB Nick Spriggs
|
0-0: Ball 1-0: Called Strike 1-1: Foul Ball, location: 2F 1-2: Ball 2-2: SINGLE (Flyball, 56D, EV 96.2 MPH)
|
|
Batting: RHB Jimmy Black
|
0-0: Ball 1-0: Called Strike 1-1: Called Strike 1-2: Strikes out swinging
|
|
Batting: RHB Kyle Finney
|
0-0: Ball 1-0: Ball 2-0: Ball 3-0: Called Strike 3-1: Foul Ball, location: 2F 3-2: Strikes out swinging Nick Spriggs steals 2nd base Batter strikes out.
|
|
Batting: RHB Josh Massey
|
0-0: Ball 1-0: Fly out, F4 (Line Drive, 34, EV 67.5 MPH)
|
| Top of the 3rd over - 0 runs, 1 hit, 0 errors, 1 left on base; Burlington 0 - Bluefield 3 |
| BOTTOM OF THE 3RD |
|
Bluefield Blue Jays batting - Pitching for Burlington Royals : RHP Aaron Blackwell
|
|
Batting: SHB Toby Patenaude
|
0-0: Ball 1-0: Foul Ball, location: 2F 1-1: Foul Ball, location: 2F 1-2: Ball 2-2: Foul Ball, location: 2F 2-2: Ground out 4-3 (Groundball, 4, EV 90.0 MPH)
|
|
Pitching: RHP Chris Chilcoat
|
|
|
Batting: RHB Mark Noftall
|
0-0: Foul Ball, location: 2F 0-1: Called Strike 0-2: Ball 1-2: SINGLE (Groundball, 5S, EV 70.6 MPH) (infield hit)
|
|
Batting: RHB Cedric Nicholls
|
0-0: Fielders Choice at 2nd, 3-6 (Groundball, 3, EV 88.1 MPH)
|
|
Batting: RHB Benedikt Fleischmann
|
0-0: Called Strike 0-1: Ball 1-1: TRIPLE (Flyball, 89XD, EV 98.8 MPH) Cedric Nicholls scores
|
|
Batting: RHB Tom Bergman
|
0-0: Ball 1-0: Ball 2-0: SINGLE (Line Drive, 56D, EV 96.2 MPH) Benedikt Fleischmann scores
|
|
Batting: RHB Victor Ortiz
|
0-0: Ball 1-0: Fly out, F8 (Flyball, 8LXD, EV 95.6 MPH)
|
| Bottom of the 3rd over - 2 runs, 3 hits, 0 errors, 1 left on base; Burlington 0 - Bluefield 5 |
| TOP OF THE 4TH |
|
Burlington Royals batting - Pitching for Bluefield Blue Jays : RHP Shalom Diender
|
|
Batting: RHB Simon Sultzbach
|
0-0: Ball 1-0: SINGLE (Groundball, 6MS, EV 80.0 MPH) (infield hit)
|
|
Batting: SHB Gary Woodroffe
|
0-0: Ball 1-0: Called Strike 1-1: Foul Ball, location: 2F 1-2: Strikes out swinging
|
|
Batting: LHB Javy Rueda
|
0-0: Foul Ball, location: 2F 0-1: Swinging Strike 0-2: Ball 1-2: Ball 2-2: SINGLE (Groundball, 56D, EV 106.2 MPH) Simon Sultzbach to second
|
|
Batting: RHB Leo Lopez
|
0-0: Called Strike 0-1: Ball 1-1: Fly out, F8 (Flyball, 8LD, EV 101.2 MPH)
|
|
Batting: RHB Donnie Bednarz
|
0-0: Swinging Strike 0-1: Called Strike 0-2: Strikes out looking
|
| Top of the 4th over - 0 runs, 2 hits, 0 errors, 2 left on base; Burlington 0 - Bluefield 5 |
| BOTTOM OF THE 4TH |
|
Bluefield Blue Jays batting - Pitching for Burlington Royals : RHP Chris Chilcoat
|
|
Batting: RHB Jerry Perez
|
0-0: SINGLE (Flyball, 89S, EV 90.6 MPH)
|
|
Batting: RHB Hanley Hernandez
|
0-0: Foul Ball, location: 2F 0-1: Swinging Strike 0-2: Foul Ball, location: 2F 0-2: Foul Ball, location: 2F 0-2: Ball 1-2: Strikes out swinging
|
|
Pitching: RHP Ryan Robbins
|
|
|
Batting: LHB Edwin Esparza
|
0-0: Ball 1-0: Foul Ball, location: 2F 1-1: Ball 2-1: Ball 3-1: Base on Balls Jerry Perez to second
|
|
Batting: SHB Toby Patenaude
|
0-0: DOUBLE (Flyball, 8RXD, EV 90.0 MPH) Jerry Perez scores Edwin Esparza to third Runner from 3rd tries for Home, SAFE, throw by CF to home
|
|
Batting: RHB Mark Noftall
|
0-0: Foul Ball, location: 2F 0-1: SINGLE (Flyball, 56D, EV 90.6 MPH) Toby Patenaude to third
|
|
Batting: RHB Cedric Nicholls
|
0-0: Ball 1-0: Foul Ball, location: 2F 1-1: 3-RUN HOME RUN (Flyball, 8RXD, EV 115.0 MPH), Distance : 445 ft
|
|
Pitching: LHP Omar Nogueira
|
|
|
Batting: RHB Benedikt Fleischmann
|
0-0: Called Strike 0-1: Ground out 4-3 (Groundball, 4, EV 111.9 MPH)
|
|
Batting: RHB Tom Bergman
|
0-0: Called Strike 0-1: Foul Ball, location: 2F 0-2: Strikes out swinging, 2-3 out at first.
|
| Bottom of the 4th over - 5 runs, 4 hits, 0 errors, 0 left on base; Burlington 0 - Bluefield 10 |
| TOP OF THE 5TH |
|
Burlington Royals batting - Pitching for Bluefield Blue Jays : RHP Shalom Diender
|
|
Batting: RHB Nick Spriggs
|
0-0: Ball 1-0: Called Strike 1-1: Called Strike 1-2: Strikes out swinging, 2-3 out at first.
|
|
Batting: RHB Jimmy Black
|
0-0: Ball 1-0: Ball 2-0: Swinging Strike 2-1: Foul Ball, location: 2F 2-2: Foul Ball, location: 2F 2-2: Strikes out swinging
|
|
Batting: RHB Kyle Finney
|
0-0: Ball 1-0: Swinging Strike 1-1: Foul Ball, location: 2F 1-2: Ground out U3 (Groundball, 34, EV 101.2 MPH)
|
| Top of the 5th over - 0 runs, 0 hits, 0 errors, 0 left on base; Burlington 0 - Bluefield 10 |
| BOTTOM OF THE 5TH |
|
Bluefield Blue Jays batting - Pitching for Burlington Royals : LHP Omar Nogueira
|
|
Batting: RHB Victor Ortiz
|
0-0: Called Strike 0-1: Called Strike 0-2: SINGLE (Groundball, 34D, EV 96.2 MPH)
|
|
Batting: RHB Jerry Perez
|
0-0: Swinging Strike 0-1: Called Strike 0-2: Strikes out swinging
|
|
Batting: RHB Hanley Hernandez
|
0-0: Called Strike 0-1: Ball 1-1: Ball 2-1: Ball 3-1: Swinging Strike 3-2: Foul Ball, location: 2F 3-2: Strikes out swinging
|
|
Pitching: LHP David Wright
|
|
|
Batting: LHB Edwin Esparza
|
0-0: Called Strike 0-1: Ball 1-1: Ball 2-1: Ground out U3 (Groundball, 34, EV 98.8 MPH)
|
| Bottom of the 5th over - 0 runs, 1 hit, 0 errors, 1 left on base; Burlington 0 - Bluefield 10 |
| TOP OF THE 6TH |
|
Burlington Royals batting - Pitching for Bluefield Blue Jays : RHP Shalom Diender
|
|
Batting: RHB Josh Massey
|
0-0: Ball 1-0: Called Strike 1-1: Ball 2-1: Ball 3-1: Base on Balls
|
|
Batting: RHB Simon Sultzbach
|
0-0: Ball 1-0: Ball Wild Pitch! Josh Massey to second 2-0: Foul Ball, location: 2F 2-1: Swinging Strike 2-2: Strikes out swinging
|
|
Batting: SHB Gary Woodroffe
|
0-0: Called Strike 0-1: Ball 1-1: Foul Ball, location: 2F 1-2: Strikes out swinging
|
|
Batting: LHB Javy Rueda
|
0-0: Called Strike 0-1: Ball 1-1: Swinging Strike 1-2: Ground out 4-3 (Groundball, 4, EV 83.1 MPH)
|
| Top of the 6th over - 0 runs, 0 hits, 0 errors, 1 left on base; Burlington 0 - Bluefield 10 |
| BOTTOM OF THE 6TH |
|
Bluefield Blue Jays batting - Pitching for Burlington Royals : LHP David Wright
|
|
Batting: SHB Toby Patenaude
|
0-0: Ball 1-0: SOLO HOME RUN (Flyball, 7D, EV 99.4 MPH), Distance : 378 ft
|
|
Batting: RHB Mark Noftall
|
0-0: Ball 1-0: Foul Ball, location: 2F 1-1: Ball 2-1: Foul Ball, location: 2F 2-2: Foul Ball, location: 2F 2-2: Ball 3-2: Base on Balls
|
|
Batting: RHB Cedric Nicholls
|
0-0: Called Strike 0-1: Ball Wild Pitch! Mark Noftall to second 1-1: Ball Wild Pitch! Mark Noftall to third 2-1: Called Strike 2-2: Foul Ball, location: 2F 2-2: 2-RUN HOME RUN (Line Drive, 78XD, EV 104.4 MPH), Distance : 432 ft
|
|
Pitching: RHP Chris Stec
|
|
|
Batting: RHB Benedikt Fleischmann
|
0-0: Ball 1-0: Called Strike 1-1: Swinging Strike 1-2: Ball 2-2: Foul Ball, location: 2F 2-2: Fly out, F8 (Flyball, 78S, EV 93.1 MPH)
|
|
Batting: RHB Tom Bergman
|
0-0: Called Strike 0-1: Ball 1-1: Hit by Pitch
|
|
Pinch Runner at 1st Lao-che Zhu:
|
|
|
Batting: RHB Victor Ortiz
|
0-0: Foul Ball, location: 2F 0-1: Foul Ball, location: 2F 0-2: Grounds into double play, 4-6-3 (Groundball, 4, EV 101.9 MPH)
|
| Bottom of the 6th over - 3 runs, 2 hits, 0 errors, 0 left on base; Burlington 0 - Bluefield 13 |
| TOP OF THE 7TH |
|
Burlington Royals batting - Pitching for Bluefield Blue Jays : RHP Shalom Diender
|
|
Now in RF: Jessie Stewart
|
|
|
Batting: RHB Leo Lopez
|
0-0: Called Strike 0-1: Ball 1-1: Called Strike 1-2: Foul Ball, location: 2F 1-2: Strikes out looking
|
|
Pinch Hitting: RHB Ramiro Castillo
|
0-0: Ball 1-0: Fly out, F9 (Flyball, 89M, EV 88.8 MPH)
|
|
Pinch Hitting: RHB Danny Jefferies
|
0-0: Ground out 4-3 (Groundball, 4, EV 83.8 MPH)
|
| Top of the 7th over - 0 runs, 0 hits, 0 errors, 0 left on base; Burlington 0 - Bluefield 13 |
| BOTTOM OF THE 7TH |
|
Bluefield Blue Jays batting - Pitching for Burlington Royals : RHP Chris Stec
|
|
Now at 1B: Ramiro Castillo
|
|
|
Now in LF: Danny Jefferies
|
|
|
Batting: RHB Jerry Perez
|
0-0: Ball 1-0: Ball 2-0: Ground out 6-3 (Groundball, 6M, EV 108.1 MPH)
|
|
Batting: RHB Hanley Hernandez
|
0-0: Ball 1-0: Foul Ball, location: 2F 1-1: Ball 2-1: Swinging Strike 2-2: Strikes out swinging
|
|
Batting: LHB Edwin Esparza
|
0-0: Ball 1-0: Called Strike 1-1: Swinging Strike 1-2: SINGLE (Groundball, 4D, EV 101.2 MPH)
|
|
Batting: SHB Toby Patenaude
|
0-0: Foul Ball, location: 2F 0-1: Ball 1-1: Ball 2-1: Foul Ball, location: 2F 2-2: Foul Ball, location: 2F 2-2: SINGLE (Groundball, 6M, EV 87.5 MPH) (infield hit) Edwin Esparza to second
|
|
Batting: RHB Mark Noftall
|
0-0: Ball 1-0: 3-RUN HOME RUN (Line Drive, 8LXD, EV 115.0 MPH), Distance : 458 ft
|
|
Batting: RHB Cedric Nicholls
|
0-0: Swinging Strike 0-1: Ball 1-1: Ball 2-1: Swinging Strike 2-2: Strikes out looking
|
| Bottom of the 7th over - 3 runs, 3 hits, 0 errors, 0 left on base; Burlington 0 - Bluefield 16 |
| TOP OF THE 8TH |
|
Burlington Royals batting - Pitching for Bluefield Blue Jays : RHP Shalom Diender
|
|
Batting: RHB Jimmy Black
|
0-0: Ball 1-0: Called Strike 1-1: Foul Ball, location: 2F 1-2: Foul Ball, location: 2F 1-2: Strikes out swinging
|
|
Pitching: RHP Jordan Wyatt
|
|
|
Batting: RHB Kyle Finney
|
0-0: Called Strike 0-1: Foul Ball, location: 2F 0-2: Strikes out swinging
|
|
Batting: RHB Josh Massey
|
0-0: Ball 1-0: Foul Ball, location: 2F 1-1: Foul Ball, location: 2F 1-2: Strikes out looking
|
| Top of the 8th over - 0 runs, 0 hits, 0 errors, 0 left on base; Burlington 0 - Bluefield 16 |
| BOTTOM OF THE 8TH |
|
Bluefield Blue Jays batting - Pitching for Burlington Royals : RHP Chris Stec
|
|
Batting: RHB Benedikt Fleischmann
|
0-0: Ball 1-0: Ball 2-0: Ball 3-0: Base on Balls
|
|
Batting: LHB Jessie Stewart
|
0-0: Ball 1-0: Foul Ball, location: 2F 1-1: Called Strike 1-2: Strikes out swinging
|
|
Pitching: RHP Zong-yuan Xue
|
|
|
Batting: RHB Victor Ortiz
|
0-0: Ball 1-0: Fielders Choice at 2nd, 3-6 (Groundball, 34S, EV 83.8 MPH)
|
|
Batting: RHB Jerry Perez
|
0-0: Swinging Strike 0-1: Ball 1-1: Foul Ball, location: 2F 1-2: Foul Ball, location: 2F 1-2: Ball 2-2: Foul Ball, location: 2F 2-2: Strikes out swinging
|
| Bottom of the 8th over - 0 runs, 0 hits, 0 errors, 1 left on base; Burlington 0 - Bluefield 16 |
| TOP OF THE 9TH |
|
Burlington Royals batting - Pitching for Bluefield Blue Jays : RHP Jordan Wyatt
|
|
Batting: RHB Simon Sultzbach
|
0-0: Ball 1-0: Called Strike 1-1: Ball 2-1: Ground out 4-3 (Groundball, 4, EV 91.2 MPH)
|
|
Batting: SHB Gary Woodroffe
|
0-0: Foul Ball, location: 2F 0-1: Fly out, F7 (Line Drive, 7, EV 91.9 MPH)
|
|
Batting: LHB Javy Rueda
|
0-0: Ball 1-0: Ball 2-0: Called Strike 2-1: Foul Ball, location: 2F 2-2: Foul Ball, location: 2F 2-2: Foul Ball, location: 2F 2-2: Foul Ball, location: 2F 2-2: Strikes out looking
|
| Top of the 9th over - 0 runs, 0 hits, 0 errors, 0 left on base; Burlington 0 - Bluefield 16 |
|